 Dungeon Crawl Stone Soup version 0.29.1-15-g9cfb28693d (webtiles) character file.

Game seed: 16314050255933382184

121 Alturiack the Vexing (level 5, -1/31 HPs)
             Began as a Gargoyle Arcane Marksman on Apr 10, 2023.
             Slain by a centaur (2 damage)
             ... on level 3 of the Dungeon.
             The game lasted 00:13:12 (3687 turns).

Alturiack the Vexing (Gargoyle Arcane Marksman)     Turns: 3687, Time: 00:13:12

Health: -1/31      AC: 12    Str: 14    XL:     5   Next: 5%
Magic:  8/8        EV:  9    Int: 13    God:
Gold:   214        SH:  5    Dex: 12    Spells: 7/8 levels left

rFire   + . .      SeeInvis .   a - +1 sling
rCold   . . .      Faith    .   (no shield)
rNeg    + . .      Spirit   .   t - +2 scale mail {rF+}
rPois   ∞          Reflect  +   (no helmet)
rElec   +          Harm     .   (no cloak)
rCorr   .          Rampage  .   (no gloves)
Will    .....                   (no boots)
Stlth   ..........              l - amulet of reflection
HPRegen 0.10/turn               (no ring)
MPRegen 0.11/turn               (no ring)

@: no status effects
A: sickness immunity, AC +4, negative energy resistance 1, electricity
resistance, torment resistance 1, petrification resistance
a: no special abilities


You were on level 3 of the Dungeon.
You visited 1 branch of the dungeon, and saw 3 of its levels.

You collected 214 gold pieces.

Inventory:

Hand Weapons
 a - a +1 sling (weapon)
 u - a +0 sling
Armour
 c - a +0 robe
 g - a +3 leather armour of willpower
 t - a +2 scale mail of fire resistance (worn)
Jewellery
 l - an amulet of reflection (around neck)
 v - an amulet of magic regeneration
 w - a ring of positive energy
Scrolls
 b - a scroll of poison
 d - 4 scrolls of identify {unknown}
 i - a scroll of enchant weapon {unknown}
 j - a scroll of teleportation {unknown}
 k - 4 scrolls of immolation {unknown}
 n - 2 scrolls of blinking {unknown}
 o - a scroll of fear {unknown}
 p - 2 scrolls of amnesia {unknown}
 r - a scroll of torment {unknown}
Potions
 e - a potion of resistance {unknown}
 f - 2 potions of curing {unknown}
 h - a potion of heal wounds {unknown}
 m - a potion of ambrosia {unknown}
 q - 2 potions of magic {unknown}
 s - 2 potions of might {unknown}


   Skills:
 * Level 2.4 Fighting
 * Level 2.8 Ranged Weapons
 * Level 1.9 Armour
 - Level 1.6 Dodging
 * Level 2.0 Spellcasting
 * Level 3.3 Hexes


You had 7 spell levels left.
You knew the following spells:

 Your Spells              Type           Power      Damage    Failure   Level
a - Slow                  Hex            36%        N/A       28%         1

Your spell library contained the following spells:

 Spells                   Type           Power      Damage    Failure   Level
 Tukima's Dance           Hex            9%         N/A       63%         3
 Summon Small Mammal      Summ           4%         N/A       71%         1
 Scorch                   Fire           2%         2d5       85%         2
 Inner Flame              Hex/Fire       5%         N/A       86%         3
 Portal Projectile        Hex/Tloc       10%        N/A       86%         3
 Summon Guardian Golem    Hex/Summ       5%         N/A       86%         3
 Cause Fear               Hex            4%         N/A       95%         4
 Call Canine Familiar     Summ           1%         N/A       97%         3
 Ignite Poison            Fire/Tmut/Pois 1%         N/A       97%         3
 Mephitic Cloud           Conj/Pois/Air  1%         N/A       97%         3
 Flame Wave               Conj/Fire      1%         2d4       100%        4
 Blade Hands              Tmut           0%         N/A       100%        5
 Freezing Cloud           Conj/Ice/Air   0%         6-21      100%        5
 Summon Cactus Giant      Summ           0%         N/A       100%        6


Dungeon Overview and Level Annotations

Branches:
Dungeon (3/15)

Altars:
The Shining One

Shops:
D:3 :

Annotations:
D:2 1 runed translucent door, Crazy Yiuf


Innate Abilities, Weirdness & Mutations

You are immune to sickness and miasma.
Your stone body is resilient. (AC +4)
You are immune to poison.
You resist negative energy. (rN+)
You are resistant to electric shocks. (rElec)
You are resistant to unholy torment.
You are immune to petrification.


Message History

The centaur kicks you but does no damage.
The centaur hits you.
* * * LOW HITPOINT WARNING * * *
The centaur kicks you.
* * * LOW HITPOINT WARNING * * *
Fire: a) +1 sling
Press: ? - help, Q - select action, (/) - cycle Shift-Dir - straight line, f/p - centaur
Aim: a centaur (severely wounded, 69% to hit)
You shoot a sling bullet. The sling bullet hits the centaur.
The centaur is almost dead.
You block the centaur's attack.
The centaur kicks you but does no damage.
The centaur barely misses you. x2
Fire: a) +1 sling
Press: ? - help, Q - select action, (/) - cycle Shift-Dir - straight line, f/p - centaur
Aim: a centaur (almost dead, 69% to hit)
You shoot a sling bullet. The sling bullet hits the centaur.
The centaur is almost dead.
The centaur hits you.
* * * LOW HITPOINT WARNING * * *
The centaur closely misses you. The centaur hits you.
* * * LOW HITPOINT WARNING * * *
The centaur kicks you.
* * * LOW HITPOINT WARNING * * *
Fire: a) +1 sling
Press: ? - help, Q - select action, (/) - cycle Shift-Dir - straight line, f/p - centaur
Aim: a centaur (almost dead, 69% to hit)
You shoot a sling bullet.
The sling bullet barely misses the centaur.
The centaur barely misses you. The centaur completely misses you.
You block the centaur's attack. x2
Fire: a) +1 sling
Press: ? - help, Q - select action, (/) - cycle Shift-Dir - straight line, f/p - centaur
Aim: a centaur (almost dead, 69% to hit)
You shoot a sling bullet.
The sling bullet barely misses the centaur.
The centaur hits you but does no damage.
The centaur kicks you but does no damage.
The centaur hits you.
You die...

#.+..'###+###'..'..#
#.#..#.'...'.#..##.#
#.#..#.#...#.#..#..#
#.'##'.#._.#.+##+.##
#.#..#.#...#.#..#.#
#.#..#.+...+.#..#.#
#.+..'###+###'..'.#
###.c#.......#..###
#@.#.......#..#
###+###+###'######
..#..##.......
#.##.......###
#.##.##.......
#.#..##.......
#...###....... ##.>#
#....... ####..#
#.......


You could see a centaur.

Vanquished Creatures
  2 adders (D:3)
  2 worms (D:2)
  5 dart slugs
  8 ball pythons
  6 endoplasms
  3 giant cockroaches
  6 goblins
  6 hobgoblins
  5 jackals
  7 kobolds
  4 quokkas
  15 bats
  5 frilled lizards
  10 rats
84 creatures vanquished.

Notes
Turn   | Place    | Note
-------+----------+-------------------------------------------
     0 | D:1      | Alturiack the Gargoyle Arcane Marksman began the quest for
                  | the Orb.
     0 | D:1      | Reached XP level 1. HP: 12/12 MP: 2/2
   107 | D:1      | Reached XP level 2. HP: 16/16 MP: 3/3
   266 | D:1      | Reached XP level 3. HP: 20/20 MP: 5/5
   328 | D:1      | Found a faded altar of an unknown god.
   407 | D:1      | Reached skill level 1 in Armour
   530 | D:1      | Reached skill level 3 in Hexes
  1053 | D:2      | Found a runed translucent door.
  1054 | D:2      | Noticed Crazy Yiuf
  1256 | D:2      | Reached XP level 4. HP: 26/26 MP: 6/6
  1728 | D:2      | Identified the +1 dagger of Distant Shores {flame, rCorr
                  | Str+4}
  3484 | D:3      | Reached XP level 5. HP: 29/31 MP: 7/7
  3578 | D:3      | Found Xeluvush's Vocational Training.
  3629 | D:3      | Found a glowing golden altar of the Shining One.
  3673 | D:3      | Noticed a centaur
  3685 | D:3      | HP: 1/31 [centaur (2)]
  3687 | D:3      | Slain by a centaur

Illustrated notes

Levels and vault maps discovered:
D:1:      tarquinn_simple_flora_water_f, layout_rooms,
          ebering_ecumenical_altar_abandoned
D:2:      layout_loops_ring, minmay_joined_circles, uniq_crazy_yiuf_cottage
D:3:      minmay_skewed_foursquare, layout_rooms, mainiacjoe_overflow_24_doors,
          nicolae_shop_vocational

Skill      XL: |  1  2  3  4  5 |
---------------+----------------+-----
Armour         | 1 |  1.9
Hexes          | 3 |  3.3
Fighting       | 2 |  2.4
Spellcasting   | 2 |  2.0
Ranged Weapons | |  2.8
Dodging        | |  1.6

Action                   |  1- 3 |  4- 6 || total
-------------------------+-------+-------++-------
 Fire: Sling             |   133 |   180 ||   313
 Cast: Slow              |     1 |     2 ||     3
Armor: Robe              |     9 |       ||     9
       Leather armour    |    15 |    19 ||    34
       Scale mail        |       |    62 ||    62
Dodge: Dodged            |    40 |    66 ||   106
Block: Other             |     3 |    52 ||    55
       Reflection        |       |     1 ||     1
